 Dungeon Crawl Stone Soup version 0.32-a0 (webtiles) character file.

Game seed: 9114885053763235382

52780 Ge0ff the Zephyrmancer (level 14, -10/96 HPs)
             Began as a Merfolk Cinder Acolyte on Jan 13, 2024.
             Was a Believer of Vehumet.
             Killed by miscasting Plasma Beam (15 damage)
             ... on level 5 of the Lair of Beasts.
             The game lasted 00:56:56 (34346 turns).

Ge0ff the Zephyrmancer (Merfolk Cinder Acolyte)    Turns: 34346, Time: 00:56:57

Health: -10/96     AC:  9    Str: 21    XL:     14   Next: 65%
Magic:  12/37      EV: 12    Int: 20    God:    Vehumet [**....]
Gold:   1012       SH:  5    Dex:  9    Spells: 9/33 levels left

rFire   + . .        a - +4 hand axe of Matteak {freeze, ^Fragile rPois rC+++ Int+2}
rCold   + + +        (no shield)
rNeg    + . .        g - +2 robe {rF+}
rPois   +            z - +2 hat
rElec   .            Q - +0 cloak
rCorr   .            (no gloves)
SInv    .            N - +1 pair of boots
Will    +....        D - amulet of reflection
Stlth   ++           L - +6 ring of strength
HPRegen 0.36/turn    r - ring "Qaipuh" {rN+ MP+9}
MPRegen 0.25/turn

%: reflection
@: very slightly contaminated
A: (nimble swimmer 2), mertail
a: Renounce Religion


You were on level 5 of the Lair of Beasts.
You worshipped Vehumet.
Vehumet was pleased with you.
You visited 3 branches of the dungeon, and saw 17 of its levels.
You also visited: Ossuary, Ice Cave and Volcano.

You collected 1258 gold pieces.
You spent 246 gold pieces at shops.

Inventory:

Hand Weapons
 a - the +4 hand axe of Matteak (weapon) {freeze, ^Fragile rPois rC+++ Int+2}
   (You found it on level 5 of the Dungeon)

   Int+2:     It affects your intelligence (+2).
   rC+++:     It renders you almost immune to cold.
   rPois:     It protects you from poison ^Fragile: It will be destroyed if
   unequipped.
 c - a +2 long sword of electrocution
 w - a +2 dagger of venom
 A - a +2 spear
 U - a +2 heavy trident
Missiles
 n - 15 boomerangs
 v - 4 curare-tipped darts {=F}
 V - 2 javelins
Armour
 g - a +2 robe of fire resistance (worn)
 i - a +1 leather armour of resistance
 k - +0 swamp dragon scales
 z - a +2 hat (worn)
 G - a +0 buckler
 N - a +1 pair of boots (worn)
 Q - a +0 cloak (worn)
Magical Staves
 b - a staff of fire
 C - a staff of death
Jewellery
 h - a ring of ice
 m - a +5 ring of evasion
 p - a ring of flight
 r - the ring "Qaipuh" (right hand) {rN+ MP+9}
   (You found it in an ice cave)

   [ring of magical power]

   rN+:       It protects you from negative energy.
   MP+9:      It affects your magic capacity (+9).
 D - an amulet of reflection (around neck)
 L - a +6 ring of strength (left hand)
Wands
 d - a wand of digging (4)
 f - a wand of flame (19)
 j - a wand of acid (1)
 s - a wand of mindburst (2)
 P - a wand of polymorph (2)
Scrolls
 e - 3 scrolls of enchant weapon
 l - 7 scrolls of enchant armour
 t - a scroll of brand weapon
 y - a scroll of immolation
 E - a scroll of fear
 F - 2 scrolls of fog
 J - 3 scrolls of silence {!r}
 S - a scroll of butterflies
 T - 8 scrolls of teleportation
Potions
 o - a potion of invisibility {unknown}
 q - 8 potions of curing
 u - 2 potions of mutation {!q}
 x - a potion of brilliance {unknown}
 H - 6 potions of haste {!q}
 I - 3 potions of magic {unknown}
 K - a potion of berserk rage {unknown}
 M - a potion of might
 O - a potion of ambrosia {unknown}
 R - 3 potions of resistance
 W - 6 potions of heal wounds {!q}
 X - 6 potions of enlightenment
 Y - 2 potions of attraction {unknown}
 Z - 2 potions of cancellation {unknown}


   Skills:
 - Level 4.7 Fighting
 - Level 4.0 Polearms
 - Level 1.1 Throwing
 - Level 2.6 Armour
 - Level 4.0 Dodging
 - Level 3.0 Stealth
 - Level 5.0 Shields
 - Level 10.0 Spellcasting
 + Level 4.8 Conjurations
 + Level 4.1 Translocations
 + Level 10.8 Fire Magic
 + Level 6.5 Ice Magic
 + Level 10.8 Air Magic
 - Level 4.7 Evocations


You had 9 spell levels left.
You knew the following spells:

 Your Spells              Type           Power      Damage    Failure   Level
d - Iskenderun's Mystic   Conj/Tloc      28%        2d7       11%         4
m - Plasma Beam           Fire/Air       26%        2x1d38    12%         6
s - Freezing Cloud        Conj/Ice/Air   19%        6-21      9%          5
C - Scorch                Fire           100%       2d9       1%          2
E - Ozocubu's Refrigerat  Ice            18%        4d11      99%         7

Your spell library contained the following spells:

 Spells                   Type           Power      Damage    Failure   Level
 Freeze                   Ice            100%       1d10      1%          1
 Magic Dart               Conj           100%       1d8       1%          1
 Mercury Vapours          Alch/Air       62%        N/A       1%          2
 Momentum Strike          Conj/Tloc      56%        3d9       1%          2
 Searing Ray              Conj           58%        2d6       1%          2
 Hailstorm                Conj/Ice       32%        3d8       1%          3
 Sting                    Conj/Alch      76%        1d7       2%          1
 Ensorcelled Hibernation  Hex/Ice        46%        N/A       2%          2
 Mephitic Cloud           Conj/Alch/Air  31%        N/A       2%          3
 Gell's Gravitas          Tloc           26%        N/A       3%          3
 Teleport Other           Tloc           26%        N/A       3%          3
 Vhi's Electric Charge    Tloc/Air       80%        N/A       3%          4
 Summon Ice Beast         Ice/Summ       23%        N/A       5%          3
 Arcjolt                  Conj/Air       20%        1d30      8%          5
 Manifold Assault         Tloc           26%        N/A       12%         4
 Passage of Golubria      Tloc           26%        N/A       12%         4
 Fugue of the Fallen      Necr           10%        N/A       21%         3
 Silence                  Hex/Air        15%        N/A       21%         5
 Fulminant Prism          Conj/Alch      9%         3d6       26%         4
 Dimensional Bullseye     Hex/Tloc       9%         N/A       28%         4
 Anguish                  Hex/Necr       5%         N/A       56%         4
 Olgreb's Toxic Radiance  Alch           10%        N/A       56%         4
 Yara's Violent Unravell  Hex/Alch       5%         3d4       88%         5
 Dispersal                Tloc           13%        N/A       88%         6
 Sculpt Simulacrum        Ice/Alch       11%        N/A       95%         6
 Eringya's Noxious Bog    Alch           5%         4d6       100%        6
 Lehudib's Crystal Spear  Conj/Erth      9%         10d4      100%        8
 Polar Vortex             Ice            18%        12d2*     100%        9


Dungeon Overview and Level Annotations

Branches:
Dungeon (11/15) Zot: 25587  Temple (1/1) D:5 Zot: 5979    Lair (5/5) D:11 Zot: 19976
  Swamp (0/4) Lair:3        Snake (0/4) Lair:3        Slime (0/5) Lair:4
    Orc (0/2) D:11        Ossuary (visited)           IceCv (visited)
Volcano (visited)

Altars:
Ashenzari
Cheibriados
Dithmenos
Elyvilon
Fedhas
Gozag
Hepliaklqana
Kikubaaqudgha
Makhleb
Nemelex Xobeh
Okawaru
Qazlal
Ru
Sif Muna
Trog
Uskayaw
Vehumet
Wu Jian
Xom
Yredelemnul
Zin
The Shining One
Jiyva

Shops:
D:5 !!(!

Annotations:
Lair:3 3 runed translucent doors, 1 exclusion, temujin's ghost, journeyman HuCj


Innate Abilities, Weirdness & Mutations

((You are very nimble when in or above water. (Stealth+, EV+, Speed+++)))
Your lower body shifts to a powerful aquatic tail in water.


Message History

Vehumet accepts your kill.
You feel your power returning. The skyshark attacks as it pursues you!
The skyshark bites you.
The skyshark tastes blood and grows stronger!
You block the skyshark's attack. The skyshark tail-slaps you.
The skyshark bites you!!
The skyshark enters a blood-rage!
The skyshark tail-slaps you. The skyshark completely misses you.
You are too injured to fight recklessly!
Casting: Plasma Beam (dangerous; 12% risk of failure)
Confirm with . or Enter, or press ? or * to list all spells.
Casting: Plasma Beam (dangerous; 12% risk of failure)
Press: ? - help, Dir - look around, f - activate The bolt of lightning hits the skyshark!!
The skyshark is heavily wounded.
The fiery plasma hits the skyshark!
The skyshark is heavily wounded.
You hear a bellow! x3
The skyshark bites you. You block the skyshark's attack.
The skyshark barely misses you.
A yak comes into view.
Casting: Plasma Beam (dangerous; 12% risk of failure)
Confirm with . or Enter, or press ? or * to list all spells.
Casting: Plasma Beam (dangerous; 12% risk of failure)
Press: ? - help, Dir - look around, f - activate The bolt of lightning hits the skyshark!
The skyshark is heavily wounded.
The bolt of lightning misses the yak.
The fiery plasma hits the skyshark!!
The skyshark is severely wounded.
The fiery plasma hits the yak!!
You kill the yak!
Vehumet accepts your kill.
You feel your power returning.
You hear a roar!
The skyshark bites you!! The skyshark closely misses you.
The skyshark tail-slaps you. The skyshark bites you!
* * * LOW HITPOINT WARNING * * *
The skyshark tail-slaps you but does no damage.
The skyshark tail-slaps you!
* * * LOW HITPOINT WARNING * * *
Blink to where?
Press: ? - help, Dir - move target
As you read the scroll of blinking, it crumbles to dust.
Casting: Plasma Beam (dangerous; 12% risk of failure)
Confirm with . or Enter, or press ? or * to list all spells.
Casting: Plasma Beam (dangerous; 12% risk of failure)
Press: ? - help, Dir - look around, f - activate You miscast Plasma Beam.
You are very lightly contaminated with residual magic.
Electricity courses through your body!
You die...

#P.. #. ##...## .##
#....PP##..#
#......P.#.## #
............#.#
.............##
..............######
..†....<.F..P.P.@..#
.†............)....#
....................#
####.####..#..#....##
## ###..#.....#
###.#....# ###...#
##..#


You could see a skyshark (berserk).

Vanquished Creatures
  Nessos (Lair:4)
  Josephine (Lair:4)
  2 hydras
  An ogre mage (Volcano)
  5 death yaks
  7 two-headed ogres
  A boulder beetle (D:11)
  2 ironbound frosthearts (IceCv)
  Sonja (Lair:4)
  A hell knight (Volcano)
  3 skysharks
  A bog body (Lair:3)
  An ugly thing (IceCv)
  An oklob plant (Lair:2)
  A deep elf pyromancer (D:9)
  An ice statue (IceCv)
  4 black mambas
  15 cane toads
  6 rime drakes
  6 komodo dragons
  12 polar bears
  5 trolls
  7 dream sheep (Lair:3)
  11 blink frogs
  A slime creature (Lair:4)
  Sigmund (D:2)
  2 shadows
  51 yaks
  4 wraiths (Lair:4)
  Eustachio (D:6)
  4 wyverns
  A warg (D:11)
  5 basilisks
  13 fire elementals
  A steam dragon (D:7)
  Edmund (D:4)
  A naga (Lair:3)
  12 water moccasins
  2 acid dragons
  3 orc warriors
  2 sky beasts
  An ice beast (D:5)
  2 ogres
  34 wolves
  A phantom (D:7)
  2 centaurs
  3 kobold brigands
  11 bullfrogs
  5 scorpions
  2 gnoll sergeants
  24 wights
  A burial acolyte (Ossuary)
  13 killer bees
  8 electric eels (D:10)
  7 howler monkeys
  3 bombardier beetles
  2 hounds
  An orc priest (D:5)
  Crazy Yiuf (D:2)
  5 jellies
  A gnoll bouda (D:5)
  2 sleepcaps
  2 iguanas (D:6)
  7 orc wizards
  A mummy (Ossuary)
  14 gnolls
  5 adders
  2 white imps
  A dart slug (D:2)
  3 ribbon worms
  14 orcs
  5 ball pythons
  9 endoplasms
  3 giant cockroaches
  5 goblins
  4 hobgoblins
  7 jackals
  19 kobolds
  A quokka (D:4)
  4 bats
  7 gnoll skeletons (Ossuary)
  7 kobold skeletons (Ossuary)
  6 orc skeletons (Ossuary)
  5 rats
461 creatures vanquished.

Vanquished Creatures (collateral kills)
  A two-headed ogre (Volcano)
  A basilisk (Lair:4)
2 creatures vanquished.

Vanquished Creatures (others)
  102 foxfires
102 creatures vanquished.

Grand Total: 565 creatures vanquished

Notes
Turn   | Place    | Note
-------+----------+-------------------------------------------
     0 | D:1      | Ge0ff the Merfolk Cinder Acolyte began the quest for the
                  | Orb.
     0 | D:1      | Reached XP level 1. HP: 18/18 MP: 2/2
   210 | D:1      | Reached skill level 1 in Stealth
   210 | D:1      | Reached XP level 2. HP: 14/24 MP: 4/4
   223 | D:1      | Learned a level 2 spell: Scorch
   692 | D:2      | Reached XP level 3. HP: 29/29 MP: 2/5
  1320 | D:2      | Noticed Sigmund
  1325 | D:2      | Killed Sigmund
  1326 | D:2      | Reached XP level 4. HP: 27/35 MP: 3/8
  1326 | D:2      | Reached XP level 5. HP: 32/41 MP: 3/9
  1508 | D:2      | Found a runed translucent door.
  1510 | D:2      | Noticed Crazy Yiuf
  1814 | D:2      | Killed Crazy Yiuf
  1815 | D:2      | Reached XP level 6. HP: 44/47 MP: 3/10
  2823 | D:3      | Found a hide-covered altar of Uskayaw.
  3133 | D:3      | Found a snail-covered altar of Cheibriados.
  3371 | D:4      | Identified a scroll of acquirement
  3371 | D:4      | Acquired a staff of fire
  3614 | D:4      | Reached XP level 7. HP: 46/52 MP: 2/12
  3879 | D:4      | Noticed Edmund
  3889 | D:4      | Killed Edmund
  3890 | D:4      | Reached skill level 5 in Fire Magic
  4177 | D:5      | Entered Level 5 of the Dungeon
  4178 | D:5      | Found a sparkling altar of Nemelex Xobeh.
  4336 | D:5      | Found Wyoptecs's Distillery.
  4336 | D:5      | Found Six Qucwyant's Weapon Boutique.
  4336 | D:5      | Found Jeurem's Distillery.
  4338 | D:5      | Bought a potion of curing for 42 gold pieces
  4338 | D:5      | Bought a potion of degeneration for 14 gold pieces
  4854 | D:5      | Identified the +4 hand axe of Matteak {freeze, ^Fragile
                  | rPois rC+++ Int+2}
  4996 | D:5      | Reached skill level 5 in Spellcasting
  4996 | D:5      | Reached XP level 8. HP: 58/58 MP: 8/15
  5393 | D:5      | Got the Parchment of the Excursion and Argyropoeia
  5424 | D:5      | Found a staircase to the Ecumenical Temple.
  5650 | Temple   | Entered the Ecumenical Temple
  5680 | D:5      | Found Gaumit's Distillery.
  5739 | D:5      | Bought a potion of heal wounds for 70 gold pieces
  5870 | D:5      | Found Six Qucwyant's Weapon Boutique.
  5872 | D:5      | Found Wyoptecs's Distillery.
  5912 | D:5      | Found Jeurem's Distillery.
  5951 | D:5      | Found Gaumit's Distillery.
  6071 | D:5      | Found a staircase to the Ecumenical Temple.
  6113 | D:5      | Found a sparkling altar of Nemelex Xobeh.
  6328 | D:6      | Noticed Eustachio
  6335 | D:6      | Killed Eustachio
  6680 | D:6      | Reached XP level 9. HP: 64/64 MP: 6/19
  7610 | D:5      | Bought a potion of haste for 120 gold pieces
  7897 | D:7      | HP: 3/60 [wight/+0 great sword (5)]
  8141 | D:7      | Found a sand-covered staircase.
  8150 | Ossuary  | Entered an ossuary
  8705 | Ossuary  | Reached skill level 1 in Dodging
  9112 | D:8      | Reached skill level 1 in Evocations
  9422 | D:7      | Reached XP level 10. HP: 53/71 MP: 11/20
  9631 | D:7      | Reached skill level 1 in Armour
 11159 | D:8      | Found a burning altar of Makhleb.
 12072 | D:8      | Found a burning altar of Makhleb.
 12175 | D:9      | Noticed a two-headed ogre
 12184 | D:9      | Killed a two-headed ogre
 13480 | D:9      | Reached skill level 1 in Shields
 13556 | D:10     | Entered Level 10 of the Dungeon
 13642 | D:10     | Found an opulent altar of Gozag.
 14325 | D:9      | Reached XP level 11. HP: 50/77 MP: 15/24
 15017 | D:10     | Noticed a deep elf pyromancer
 15235 | D:9      | Killed a deep elf pyromancer
 16099 | D:10     | Reached skill level 5 in Shields
 16444 | D:10     | Found an opulent altar of Gozag.
 16835 | D:11     | Noticed a two-headed ogre
 17074 | D:11     | Killed a two-headed ogre
 17195 | D:11     | Noticed a boulder beetle
 17204 | D:11     | Killed a boulder beetle
 17205 | D:11     | Reached skill level 10 in Spellcasting
 17372 | D:11     | Found a staircase to the Orcish Mines.
 17380 | D:11     | Reached skill level 1 in Throwing
 17464 | D:11     | Learned a level 6 spell: Plasma Beam
 17701 | D:11     | Found a staircase to the Lair.
 17810 | D:11     | Reached skill level 1 in Air Magic
 18244 | Lair:1   | Entered Level 1 of the Lair of Beasts
 18412 | Lair:1   | Found a frozen archway.
 18661 | IceCv    | Entered an ice cave
 19187 | IceCv    | Noticed a white ugly thing
 19412 | IceCv    | Reached XP level 12. HP: 84/84 MP: 18/26
 19626 | IceCv    | Noticed a death yak
 19641 | IceCv    | Killed a death yak
 19654 | IceCv    | Reached skill level 5 in Air Magic
 22177 | IceCv    | Noticed an ironbound frostheart
 22181 | IceCv    | Killed an ironbound frostheart
 22220 | IceCv    | Noticed an ironbound frostheart
 22275 | IceCv    | Noticed a death yak
 22640 | IceCv    | Noticed a death yak
 22640 | IceCv    | Noticed a death yak
 22707 | IceCv    | Killed an ironbound frostheart
 22815 | IceCv    | Killed a death yak
 23206 | IceCv    | Killed a death yak
 23207 | IceCv    | Reached skill level 10 in Fire Magic
 23219 | IceCv    | Killed a death yak
 23410 | IceCv    | Got the Discourse on Correspondence
 23420 | IceCv    | Identified the ring "Qaipuh" {rN+ MP+9}
 23689 | IceCv    | Glimpsed the power of Zot.
 24197 | Lair:1   | Learned a level 5 spell: Freezing Cloud
 24202 | Lair:1   | Learned a level 4 spell: Iskenderun's Mystic Blast
 24210 | Lair:1   | Learned a level 7 spell: Ozocubu's Refrigeration
 24216 | Lair:1   | Identified the +0 ring mail of Honour {Dex+5 Slay+2}
 24247 | Lair:1   | Noticed Maggie
 24248 | Lair:1   | Maggie changed into Maggie the acid dragon
 24248 | Lair:1   | Noticed Maggie
 24259 | Lair:1   | Killed Maggie the acid dragon
 24260 | Lair:1   | Reached XP level 13. HP: 82/90 MP: 27/27
 25360 | Lair:2   | Found a dark tunnel.
 25476 | Volcano  | Entered a volcano
 25503 | Volcano  | Reached skill level 1 in Ice Magic
 25615 | Volcano  | Reached skill level 1 in Conjurations
 25948 | Volcano  | Found a radiant altar of Vehumet.
 26030 | Volcano  | Fell from the grace of Ignis
 26030 | Volcano  | Became a worshipper of Vehumet
 26324 | Lair:2   | You fall into a shaft and drop 2 floors!
 26324 | Lair:4   | Noticed Nessos
 26501 | Lair:4   | Reached skill level 10 in Air Magic
 26509 | Lair:4   | Reached skill level 1 in Translocations
 26604 | Lair:4   | Found a staircase to the Slime Pits.
 26604 | Lair:4   | Found a viscous altar of Jiyva.
 26613 | Lair:3   | Found a staircase to the Snake Pit.
 27340 | Lair:3   | Reached * piety under Vehumet
 27340 | Lair:3   | Offered knowledge of Sandblast by Vehumet.
 28143 | Lair:2   | Reached XP level 14. HP: 96/96 MP: 20/28
 28602 | Lair:2   | Reached skill level 5 in Ice Magic
 30689 | Lair:3   | Found a runed translucent gate.
 30689 | Lair:3   | Found a runed translucent gate.
 30689 | Lair:3   | Found a runed translucent gate.
 30689 | Lair:3   | Noticed temujin's ghost (journeyman HuCj)
 30724 | Lair:3   | Found a staircase to the Swamp.
 30988 | Lair:4   | Offered knowledge of Freeze by Vehumet.
 31365 | Lair:4   | Found a hide-covered altar of Uskayaw.
 31406 | Lair:4   | Noticed Sonja
 31409 | Lair:4   | Killed Sonja
 31768 | Lair:4   | Killed Nessos
 31768 | Lair:4   | Noticed Josephine
 31771 | Lair:4   | Killed Josephine
 31771 | Lair:4   | Reached ** piety under Vehumet
 31860 | Lair:4   | Was forgiven by Ignis
 33068 | Lair:4   | Found a staircase to the Slime Pits.
 33068 | Lair:4   | Found a viscous altar of Jiyva.
 33201 | Lair:4   | Found a hide-covered altar of Uskayaw.
 33607 | Lair:5   | Entered Level 5 of the Lair of Beasts
 34346 | Lair:5   | Killed by miscasting Plasma Beam

Illustrated notes

Levels and vault maps discovered:
D:1:      lemuel_arrival_funnel, layout_rooms
D:2:      layout_loops_ring, serial_forest, infiniplex_forest_end_2,
          infiniplex_forest_lined_4_way, infiniplex_forest_clump_tiny,
          infiniplex_forest_clump_tiny, infiniplex_forest_corner_1,
          infiniplex_forest_straight_2, infiniplex_forest_lined_3_way,
          grunt_decor_mini_mirrors, kennysheep_generic_room_13,
          uniq_crazy_yiuf_cottage, uniq_sigmund
D:3:      layout_rooms, chei_slow_surprise, old_standard_altar, st_stairs_14
D:4:      layout_gridville, uniq_edmund
D:5:      layout_rooms, nemelex_xobeh_ov_fountains_minmay,
          minmay_temple_entry_tees, serial_shops, shop,
          nicolae_shop_distant_corner_stores
D:6:      layout_loops_ring, uniq_eustachio
D:7:      minmay_angry_zag, layout_gridville, nicolae_ossuary_entry_ruins
D:8:      layout_loops_ring, mainiacjoe_overflow_brackets
D:9:      layout_irregular_city
D:10:     layout_basic, nicolae_gozag_seed_capital, billiards_dpeg
D:11:     layout_basic, lair_entry_dummy, minmay_orc_entry_guard_dogs
Temple:   sentei_temple_godly_chess
Lair:1:   layout_regular_city, portal_ice_cave_entry_pillars_1, uniq_maggie
Lair:2:   layout_loops_ring, enter_volcano_2, nzn_random_ring
Lair:3:   layout_regular_city, skrybe_swamp_entry_bodies,
          guppyfry_snake_entry_garden, ebering_ghost_rock_garden
Lair:4:   layout_cave_pods, minmay_slime_entry_pillars, basic_altar,
          uniq_nessos, uniq_josephine, uniq_sonja
Lair:5:   hangedman_lair_in_review, layout_cave_pods

Skill      XL: |  1  2  3  4  5  6  7  8  9 10 11 12 13 14 |
---------------+-------------------------------------------+-----
Stealth        | 1 2 3 |  3.0
Spellcasting   | 3 5 6 7 9 10 | 10.0
Fire Magic     | 3 4 5 6 8 9 10 | 10.8
Dodging        | 1 3 4 |  4.0
Evocations     | 1 4 |  4.7
Armour         | 2 |  2.6
Fighting       | 4 |  4.7
Shields        | 3 5 |  5.0
Throwing       | 1 |  1.1
Air Magic      | 3 8 10 | 10.8
Ice Magic      | 4 6 |  6.5
Conjurations   | 3 4 |  4.8
Translocations | 2 4 |  4.1
Polearms       | |  4.0

Action                     |  1- 3 |  4- 6 |  7- 9 | 10-12 | 13-15 || total
---------------------------+-------+-------+-------+-------+-------++-------
  Melee: Spear             |    45 |    38 |     7 |     1 |       ||    91
         Long sword        |       |    59 |     4 |       |       ||    63
         Staff             |       |    13 |    10 |       |       ||    23
         Punch             |       |     2 |       |       |       ||     2
         Hand axe          |       |       |       |    53 |    26 ||    79
         Tailslap          |       |       |       |     7 |       ||     7
  Throw: Stone             |       |       |    10 |    10 |       ||    20
         Dart              |       |       |     2 |    14 |     7 ||    23
   Cast: Scorch            |    17 |    42 |   184 |   486 |    87 ||   816
         Plasma Beam       |       |       |       |       |   129 ||   129
         Freezing Cloud    |       |       |       |       |    25 ||    25
 Invoke: Foxfire Swarm     |     2 |       |     3 |       |       ||     5
         Fiery Armour      |     1 |     1 |     2 |       |       ||     4
  Evoke: Wand              |       |       |     3 |    20 |    20 ||    43
    Use: Scroll            |       |     6 |     8 |    11 |     3 ||    28
         Potion            |       |       |       |     6 |     2 ||     8
 Armour: Robe              |    25 |    15 |    58 |    41 |   117 ||   256
         Leather armour    |       |       |       |   283 |       ||   283
  Dodge: Dodged            |    12 |     8 |    43 |   254 |    46 ||   363
  Block: Buckler           |       |       |       |    67 |     8 ||    75
         Other             |       |       |       |       |     3 ||     3

Table legend: (Time is in decaauts)
 A = Elapsed time spent in this place.
 B = Non-inter-level travel time spent in this place.
 C = Inter-level travel time spent in this place.
 D = Time resting spent in this place.
 E = Time spent auto-exploring this place.
 F = Levels seen in this place.
 G = Mean time per level.
                   A        B        C        D        E       F      G
               +--------+--------+--------+--------+--------+-----+--------+
         Total |  34280 |  32896 |   1384 |   8476 |  19570 |  20 | 1714.0 |
       Dungeon |  17415 |  16285 |   1130 |   2199 |  11684 |  11 | 1583.2 |
        Temple |     20 |     16 |      4 |      0 |     13 |   1 |   20.0 |
          Lair |  10023 |   9774 |    249 |   3016 |   5438 |   5 | 2004.6 |
       Ossuary |    768 |    768 |      0 |    125 |    511 |   1 |  768.0 |
      Ice Cave |   5468 |   5468 |      0 |   2890 |   1759 |   1 | 5468.0 |
       Volcano |    583 |    583 |      0 |    245 |    165 |   1 |  583.0 |
               +--------+--------+--------+--------+--------+-----+--------+

Top non-repeatable levels by time:
   IceCv: 5468 daAuts
     D:9: 2954 daAuts
  Lair:3: 2740 daAuts
  Lair:4: 2734 daAuts
  Lair:2: 2377 daAuts
     D:7: 2160 daAuts
     D:2: 1935 daAuts
    D:10: 1827 daAuts
     D:5: 1670 daAuts
     D:8: 1585 daAuts
  Lair:1: 1579 daAuts
     D:6: 1404 daAuts
    D:11: 1254 daAuts
     D:4: 1153 daAuts
     D:3: 957 daAuts
